 Dungeon Crawl Stone Soup version 0.27-a0-899-ge2d0b17c59 (webtiles) character file.

Game seed: 11581866758035724812

63 jestyr24 the Conjurer (level 3, -8/24 HPs)
             Began as a Demonspawn Conjurer on Apr 6, 2021.
             Splashed by Ijyb's acid (12 damage)
             ... on level 3 of the Dungeon.
             The game lasted 00:05:46 (1645 turns).

jestyr24 the Conjurer (Demonspawn Conjurer)         Turns: 1645, Time: 00:05:48

Health: -8/24      AC:  2    Str: 13    XL:     3   Next: 89%
Magic:  6/6        EV: 12    Int: 20    God:
Gold:   61         SH:  0    Dex: 11    Spells: 4/7 levels left

rFire    . . .     SeeInvis .   d - +0 dagger
rCold    . . .     Faith    .   (no shield)
rNeg     . . .     Spirit   .   a - +0 robe
rPois    .         Reflect  .   n - +0 helmet
rElec    .         Harm     .   (no cloak)
rCorr    .         Rampage  .   (no gloves)
Will     .....                  g - +2 pair of boots
Stlth    ++........             k - amulet of regeneration
HPRegen  1.08/turn              b - +6 ring of strength
MPRegen  0.10/turn              (no ring)

@: corroded
A: powered by pain 2
a: no special abilities


You were on level 3 of the Dungeon.
You visited 1 branch of the dungeon, and saw 3 of its levels.

You collected 61 gold pieces.

Inventory:

Hand Weapons
 d - a +0 dagger (weapon)
Missiles
 j - 2 boomerangs
Armour
 a - a +0 robe (worn)
 g - a +2 pair of boots (worn)
 n - a +0 helmet (worn)
Jewellery
 b - a +6 ring of strength (left hand)
 k - an amulet of regeneration (around neck)
Scrolls
 c - a scroll of immolation {unknown}
 e - a scroll of enchant armour {unknown}
 h - a scroll of fog {unknown}
Potions
 f - 2 potions of flight {unknown}
 i - a potion of heal wounds {unknown}
 l - a potion of attraction {unknown}
 m - a potion of curing {unknown}


   Skills:
 + Level 2.0 Dodging
 + Level 2.0 Stealth
 + Level 2.5 Spellcasting
 + Level 5.0 Conjurations


You had 4 spell levels left.
You knew the following spells:

 Your Spells              Type           Power      Damage    Failure   Level
a - Magic Dart            Conj           88%        1d7       1%          1
b - Searing Ray           Conj           44%        3d4       2%          2

Your spell library contained the following spells:

 Spells                   Type           Power      Damage    Failure   Level
 Dazzling Flash           Conj/Hex       24%        N/A       16%         3
 Fulminant Prism          Conj/Hex       6%         3d7       47%         4
 Iskenderun's Mystic Bla  Conj/Tloc      12%        2d5       47%         4


Dungeon Overview and Level Annotations

Branches:
Dungeon (3/15)

Altars:

Annotations:
D:3 Ijyb


Innate Abilities, Weirdness & Mutations

You sometimes gain power by taking damage.


Message History

The magic dart hits the worm.
The worm is severely wounded.
The magic dart hits the worm!
You kill the worm!
Done exploring.
Memorise Searing Ray, consuming 2 spell levels and leaving 4?
You start memorising the spell.
You continue memorising. x2
You finish memorising.
Spell assigned to 'b'.
Done exploring.
Done exploring.
There is a stone staircase leading down here.
You climb downwards.
Ijyb the Twisted Goblin comes into view.
She is wielding a +0 dagger of flaming and carrying a wand of acid (10).
Found 11 gold pieces.
Found two stone staircases leading down.
There is a stone staircase leading up here.
The magic dart hits Ijyb but does no damage.
Casting: Magic Dart (safe; 1% risk of failure)
Confirm with . or Enter, or press ? or * to list all spells.
You can't see any susceptible monsters within range! (Use Z to cast anyway.)
The magic dart hits Ijyb but does no damage.
Casting: Magic Dart (safe; 1% risk of failure)
Confirm with . or Enter, or press ? or * to list all spells.
Aiming: Searing Ray (safe; 2% risk of failure)
Press: ? - help, Shift-Dir - straight line, f/p - Ijyb
Aim: Ijyb, wielding a +0 dagger of flaming, wearing a +0 leather armour and carrying a wand of acid (10) (28% to evade)
The searing ray hits Ijyb!
Ijyb is moderately wounded. (Press . to maintain the ray.)
The searing ray hits Ijyb.
Ijyb is heavily wounded.
The searing ray misses Ijyb.
There is a stone staircase leading down here.
Ijyb zaps a wand.
The bolt of acid hits you!!
Ouch! That really hurt!
* * * LOW HITPOINT WARNING * * *
You focus on the pain.
You feel your power returning. The acid corrodes you!
You are splashed with acid!
Ouch! That really hurt!
You die...

#.. #.# #.# #.#
#.#
######.######
##...........##
#......>g.....##
........@......#
..............>#
...............#
...............#
...............#
#............$##
##.....#.....##
#############


You could see Ijyb.

Vanquished Creatures
  3 adders (D:2)
  A worm (D:2)
  An orc (D:2)
  5 bats
  A giant cockroach (D:1)
  4 hobgoblins
  2 jackals (D:2)
  3 quokkas
  6 ball pythons
  A frilled lizard (D:1)
  4 kobolds
  2 rats
33 creatures vanquished.

Notes
Turn   | Place    | Note
-------+----------+-------------------------------------------
     0 | D:1      | jestyr24 the Demonspawn Conjurer began the quest for the
                  | Orb.
     0 | D:1      | Reached XP level 1. HP: 13/13 MP: 3/3
   274 | D:1      | Gained mutation: You sometimes gain a little power by
                  | taking damage. [demonic ancestry]
   274 | D:1      | Reached XP level 2. HP: 19/19 MP: 3/5
   904 | D:2      | Gained mutation: You sometimes gain power by taking damage.
                  | [demonic ancestry]
   904 | D:2      | Reached XP level 3. HP: 24/24 MP: 4/6
  1492 | D:2      | Reached skill level 5 in Conjurations
  1609 | D:2      | Learned a level 2 spell: Searing Ray
  1638 | D:3      | Noticed Ijyb
  1645 | D:3      | Splashed by Ijyb's acid

Illustrated notes

Levels and vault maps discovered:
D:1:      elethiomel_arrival_quiet, layout_basic
D:2:      layout_rooms
D:3:      layout_rooms, brannock_xom_greatest_gift, tso_oasis_becter,
          shapermc_ecumenical_altar_totnotflames, uniq_grinder, uniq_jessica,
          uniq_ijyb

Skill      XL: |  1  2  3 |
---------------+----------+-----
Dodging        | 2 |  2.0
Stealth        | 2 |  2.0
Conjurations   | 5 |  5.0
Spellcasting   | |  2.5

Action                   || total
-------------------------++-------
Melee: Dagger            ||    35
 Cast: Magic Dart        ||    82
       Searing Ray       ||     1
Armor: Robe              ||    19
Dodge: Dodged            ||    26

Table legend: (Time is in decaauts)
 A = Elapsed time spent in this place.
 B = Non-inter-level travel time spent in this place.
 C = Inter-level travel time spent in this place.
 D = Time resting spent in this place.
 E = Time spent auto-exploring this place.
 F = Levels seen in this place.
 G = Mean time per level.
                   A        B        C        D        E       F      G
               +--------+--------+--------+--------+--------+-----+--------+
         Total |   1645 |   1587 |     58 |    277 |   1009 |   3 |  548.3 |
       Dungeon |   1645 |   1587 |     58 |    277 |   1009 |   3 |  548.3 |
               +--------+--------+--------+--------+--------+-----+--------+

Top non-repeatable levels by time:
     D:2: 922 daAuts
     D:1: 704 daAuts
     D:3: 18 daAuts
